 Dungeon Crawl Stone Soup version 0.28-a0-533-g9f97627e2a (webtiles) character file.

Game seed: 6450230897167191661

123 speeev33 the Shield-Bearer (level 5, 0/33 HPs)
             Began as a Gargoyle Fighter on Sept 26, 2021.
             Killed by divine providence
             ... invoked by an orc priest
              (12 damage)
             ... on level 3 of the Dungeon.
             The game lasted 00:04:11 (2211 turns).

speeev33 the Shield-Bearer (Gargoyle Fighter)       Turns: 2211, Time: 00:04:12

Health: 0/33       AC: 11    Str: 20    XL:     5   Next: 7%
Magic:  5/5        EV:  5    Int:  9    God:
Gold:   24         SH: 13    Dex: 15    Spells: 4/4 levels left

rFire   . . .      SeeInvis .   c - +1 whip (holy)
rCold   . . .      Faith    .   j - +0 tower shield
rNeg    + . .      Spirit   .   b - +0 scale mail
rPois   ∞          Reflect  .   (no helmet)
rElec   +          Harm     .   (no cloak)
rCorr   .          Rampage  .   (no gloves)
Will    .....                   (no boots)
Stlth   ..........              (no amulet)
HPRegen 0.11/turn               e - +6 ring of dexterity
MPRegen 0.09/turn               (no ring)

@: no status effects
A: sickness immunity, AC +4, negative energy resistance 1, electricity
resistance, torment resistance 1, petrification resistance
a: no special abilities


You were on level 3 of the Dungeon.
You visited 1 branch of the dungeon, and saw 3 of its levels.

You collected 123 gold pieces.
You spent 99 gold pieces at shops.

Inventory:

Hand Weapons
 c - a +1 whip of holy wrath (weapon)
Armour
 b - a +0 scale mail (worn)
 j - a +0 tower shield (worn)
Jewellery
 e - a +6 ring of dexterity (left hand)
Scrolls
 k - a scroll of teleportation
 m - 3 scrolls of vulnerability
Potions
 a - a potion of ambrosia {unknown}
 f - a potion of curing {unknown}
 g - a potion of mutation {unknown}
 h - a potion of flight {unknown}
 i - 2 potions of heal wounds


   Skills:
 + Level 4.1 Fighting
 + Level 3.0 Maces & Flails
 + Level 4.1 Armour
 + Level 4.2 Shields


You had 4 spell levels left.
You didn't know any spells.
Your spell library contained the following spells:

 Spells                   Type           Power      Damage    Failure   Level
 Magic Dart               Conj           0%         1d3       100%        1
 Searing Ray              Conj           0%         2d4       100%        2
 Fulminant Prism          Conj/Hex       0%         3d6       100%        4


Dungeon Overview and Level Annotations

Branches:
Dungeon (3/15)

Altars:

Shops:
D:1 *[[


Innate Abilities, Weirdness & Mutations

You are immune to sickness and miasma.
Your stone body is resilient. (AC +4)
You are immune to poison.
You resist negative energy. (rN+)
You are resistant to electric shocks. (rElec)
You are resistant to unholy torment.
You are immune to petrification.


Message History

You are too injured to fight recklessly!
You are too injured to fight recklessly!
You are too injured to fight recklessly!
You are too injured to fight recklessly!
Your shield prevents you from hitting the orc priest.
The orc priest hits you with a +0 trident.
Your scale mail prevents you from hitting the orc priest.
The orc priest hits you but does no damage.
The orc priest invokes the aid of Beogh against you.
Pain shoots through your body!
You hit the orc priest but do no damage.
You block the orc priest's attack.
You hit the orc priest.
The orc priest is moderately wounded.
You block the orc priest's attack.
You closely miss the orc priest.
The orc priest is moderately wounded.
The orc priest hits you with a +0 trident.
The orc priest hits you but does no damage.
You barely miss the orc priest.
The orc priest is moderately wounded.
The orc priest looks braver for a moment.
You hit the orc priest.
The orc priest is heavily wounded.
You block the orc priest's attack.
You hit the orc priest.
The orc priest is severely wounded.
The orc priest hits you with a +0 trident.
The orc priest barely misses you.
You closely miss the orc priest.
The orc priest is severely wounded.
The orc priest hits you but does no damage.
You hit the orc priest.
The orc priest is almost dead.
The orc priest hits you but does no damage.
You barely miss the orc priest.
The orc priest is almost dead.
The orc priest invokes the aid of Beogh against you.
Beogh smites you!
You die...

.......#####....###......####
.......#####....# #......'...
######..........# #......###.
#.............#####..### #
#.###..........# #..# #
#.##...........# #..# #
#.##.##........# #..########
###.##.##.......o#
#.........# .<#.##.#
....#.#@## #..######.#
.)#.##.# ####.#..####.###
..#.##.# #...........###
.†#J##.##########.####.#...#
..#.##...J........## #.#...#
..#.###########....###.#...#
..#.........J..............#
###############.....##.#####
#...#....#


You could see an orc priest.

Vanquished Creatures
  An ogre (D:3)
  A dart slug (D:2)
  2 bats (D:3)
  2 endoplasms (D:3)
  3 giant cockroaches (D:3)
  2 hobgoblins (D:1)
  A kobold (D:1)
  A quokka (D:3)
  4 ball pythons
  2 frilled lizards
  7 goblins
  8 rats
34 creatures vanquished.

Notes
Turn   | Place    | Note
-------+----------+-------------------------------------------
     0 | D:1      | speeev33 the Gargoyle Fighter began the quest for the Orb.
     0 | D:1      | Reached XP level 1. HP: 14/14 MP: 1/1
   230 | D:1      | You fall into a shaft and drop 1 floor!
   278 | D:2      | Reached XP level 2. HP: 19/19 MP: 2/2
   896 | D:1      | Found Feti's Antique Armour Boutique.
   947 | D:1      | Found Qaewk's Armour Boutique.
  1163 | D:1      | Found Zait's Assorted Antiques.
  1171 | D:1      | Bought a runed whip for 99 gold pieces
  1256 | D:3      | Noticed an ogre
  1262 | D:3      | Killed an ogre
  1263 | D:3      | Reached XP level 3. HP: 3/24 MP: 3/3
  1263 | D:3      | Reached XP level 4. HP: 4/29 MP: 4/4
  1593 | D:3      | Reached XP level 5. HP: 33/33 MP: 5/5
  2211 | D:3      | Killed from afar by an orc priest

Illustrated notes

Levels and vault maps discovered:
D:1:      minmay_arrival_four_circles, layout_rooms, serial_shops, shop, shop,
          shop
D:2:      layout_basic
D:3:      layout_basic, hellmonk_ecumenical_altar_heavens_door

Skill      XL: |  1  2  3  4 |
---------------+-------------+-----
Fighting       | 4 |  4.1
Armour         | 4 |  4.1
Shields        | 4 |  4.2
Maces & Flails | 3 |  3.0

Action                   |  1- 3 |  4- 6 || total
-------------------------+-------+-------++-------
Melee: Flail             |    59 |       ||    59
       Whip              |     3 |    50 ||    53
  Use: Scroll            |     5 |     1 ||     6
       Potion            |     1 |       ||     1
 Stab: Distracted        |     1 |       ||     1
Armor: Scale mail        |    37 |    42 ||    79
Dodge: Dodged            |    11 |    11 ||    22
Block: Buckler           |     2 |       ||     2
       Tower shield      |    21 |    49 ||    70

Table legend: (Time is in decaauts)
 A = Elapsed time spent in this place.
 B = Non-inter-level travel time spent in this place.
 C = Inter-level travel time spent in this place.
 D = Time resting spent in this place.
 E = Time spent auto-exploring this place.
 F = Levels seen in this place.
 G = Mean time per level.
                   A        B        C        D        E       F      G
               +--------+--------+--------+--------+--------+-----+--------+
         Total |   2263 |   2196 |     67 |    434 |   1159 |   3 |  754.3 |
       Dungeon |   2263 |   2196 |     67 |    434 |   1159 |   3 |  754.3 |
               +--------+--------+--------+--------+--------+-----+--------+

Top non-repeatable levels by time:
     D:2: 1024 daAuts
     D:1: 658 daAuts
     D:3: 580 daAuts
